 Dungeon Crawl Stone Soup version 0.21-a0-251-g5e8393f (webtiles) character file.

65 sagitran the Slasher (level 3, 0/27 HPs)
             Began as a Demonspawn Gladiator on Sept 5, 2017.
             Succumbed to an adder's poison
             ... on level 2 of the Dungeon.
             The game lasted 00:06:11 (1115 turns).

sagitran the Slasher (Demonspawn Gladiator)         Turns: 1115, Time: 00:06:11

Health: 0/27       AC:  6    Str: 17    XL:     3   Next: 94%
Magic:  3/3        EV: 20    Int:  9    God:
Gold:   66         SH:  0    Dex: 19    Spells: 2/2 levels left

rFire    . . .     SeeInvis .   a - +0 long sword
rCold    . . .     Gourm    .   (no shield)
rNeg     . . .     Faith    .   r - +0 scale mail
rPois    .         Spirit   +   (helmet restricted)
rElec    .         Reflect  .   (no cloak)
rCorr    .         Harm     .   (no gloves)
MR       .....                  (no boots)
Stlth    +.........             p - amulet of guardian spirit
HPRegen  0.09/turn              g - +5 ring of slaying
MPRegen  0.08/turn              s - +4 ring of evasion

@: agile, lethally poisoned (0 -> -3)
A: antennae 1, strong 1, subdued magic 1
a: no special abilities


You were on level 2 of the Dungeon.
You were not hungry.

You visited 1 branch of the dungeon, and saw 3 of its levels.

You collected 66 gold pieces.

Inventory:

Hand Weapons
 a - a +0 long sword (weapon)
Missiles
 d - 3 throwing nets (quivered)
Armour
 b - a +0 leather armour
 c - a +0 helmet
 r - a +0 scale mail (worn)
Jewellery
 g - a +5 ring of slaying (left hand)
 p - an amulet of guardian spirit (around neck)
 s - a +4 ring of evasion (right hand)
Scrolls
 k - a scroll of teleportation
Comestibles
 f - 2 bread rations
 i - 2 meat rations
 n - 4 chunks of flesh


   Skills:
 + Level 2.2 Fighting
 + Level 3.4 Long Blades
 + Level 2.0 Throwing
 + Level 0.6 Armour
 + Level 3.3 Dodging


You had 2 spell levels left.
You didn't know any spells.

Dungeon Overview and Level Annotations

Branches:
Dungeon (3/15)

Altars:


Innate Abilities, Weirdness & Mutations

You have a pair of small antennae on your head.
Your muscles are strong. (Str +2)
Your spells are a little easier to cast, but a little less powerful.


Message History

k - a scroll of teleportation
* * * LOW HITPOINT WARNING * * *
You feel sick.
Put on which piece of jewellery? (? for menu, Esc to quit)
s - a +4 ring of evasion (right branch)
As you read the scroll labeled NERGHE RIBO, it crumbles to dust.
The dust glows pale black!
It was a scroll of random uselessness.
* * * LOW HITPOINT WARNING * * *
You feel sick.
Enter note: Your transformation is almost over.
* * * LOW HITPOINT WARNING * * *
You feel sick.
* * * LOW HITPOINT WARNING * * *
You feel sick.
* * * LOW HITPOINT WARNING * * *
You feel sick.
You feel less wooden.
Your +0 scale mail unmelds from your body.
You die...

P≈≈≈≈÷≈P≈≈P♣≈# #.#
≈≈≈≈P♣≈≈P≈≈♣≈####
#.#
≈≈≈≈≈≈≈♣≈≈P≈♣≈..#
###.#
≈≈≈≈≈≈≈≈P≈≈≈≈≈≈.#
#...#
≈≈≈≈≈≈≈≈≈≈≈≈P♣≈.#
#.###
≈≈≈≈≈≈≈≈♣≈≈≈≈P≈.#
#.#
≈≈≈≈≈≈P≈≈≈≈P♣≈..##
#.#
≈≈≈≈≈≈≈♣≈≈≈♣≈....#
#.#
≈≈≈≈P≈≈P≈♣♣≈..##@#
#.# PP≈P≈≈♣≈
♣≈####.# #.# ♣≈≈≈≈
## #.# #.# ≈###
#.# #.# #.# #.#
#.# #.## #.# #..#
#.# ##.# #.#


There were no monsters in sight!

Vanquished Creatures
  3 adders (D:2)
  A worm (D:2)
  A leopard gecko (D:2)
  4 bats
  A giant cockroach (D:1)
  3 hobgoblins (D:2)
  6 jackals
  2 kobolds
  3 quokkas (D:2)
  2 frilled lizards (D:2)
  2 goblins
  3 rats
31 creatures vanquished.

Notes
Turn   | Place    | Note
-------+----------+-------------------------------------------
     0 | D:1      | sagitran the Demonspawn Gladiator began the quest for the Orb.
     0 | D:1      | Reached XP level 1. HP: 16/16 MP: 1/1
   101 | D:2      | Gained mutation: You have a pair of small antennae on your head. [demonic ancestry]
   101 | D:2      | Reached XP level 2. HP: 22/22 MP: 2/2
   139 | D:2      | Reached XP level 3. HP: 17/27 MP: 3/3
  1096 | D:2      | Gained mutation: Your spells are a little easier to cast, but a little less powerful. [potion of mutation]
  1096 | D:2      | Gained mutation: Your muscles are strong. (Str +2) [potion of mutation]
  1108 | D:2      | HP: 2/40 [poisoned by an adder]
  1115 | D:2      | Succumbed to an adder's poison

Vault maps used:
D:1:      lightli_arrival_boilingwater, minivault_23
D:2:      minmay_diamond_boxcup, serial_bayou_lake_a
D:3:      uniq_grinder

Skill      XL: |  1  2  3 |
---------------+----------+-----
Long Blades    | 3 |  3.4
Dodging        | 3 |  3.3
Throwing       | 2 |  2.0
Fighting       | |  2.2
Armour         | |  0.6

Action                   || total
-------------------------++-------
Melee: Long sword        ||    70
  Use: Potion            ||     4
       Scroll            ||     3
 Stab: Sleeping          ||     1
  Eat: Chunk             ||     1
Armor: Leather armour    ||     6
       Scale mail        ||    21
Dodge: Dodged            ||    65
       Rpst.: Long sword ||    18

Table legend:
 A = Spawn XP
 B = Non-spawn XP
 C = Spawn XP percentage of total XP
 D = Spawn monster count
 E = Non-spawn monster count
 F = Spawn count percentage of total count
 G = Total turns spent on level
                    A         B        C        D         E        F      G
               +---------+---------+-------+---------+---------+-------+---------
         Total |      11 |      83 |  11.7 |       6 |      25 |  19.4 |  1115
               +---------+---------+-------+---------+---------+-------+---------
           D:1 |       2 |      12 |  14.3 |       1 |       7 |  12.5 |   485
           D:2 |       9 |      71 |  11.2 |       5 |      18 |  21.7 |   626
               +---------+---------+-------+---------+---------+-------+---------
